 Dungeon Crawl Stone Soup version 0.29-a0-380-gf50f0a9fbc (webtiles) character file.

Game seed: 6335196531860640422

1190 siradein the Grave Robber (level 8, -3/61 HPs)
             Began as a Mummy Necromancer on May 5, 2022.
             Was an Initiate of Fedhas.
             Killed from afar by a steam dragon (9 damage)
             ... with a ball of steam
             ... on level 6 of the Dungeon.
             The game lasted 00:25:33 (8430 turns).

siradein the Grave Robber (Mummy Necromancer)       Turns: 8430, Time: 00:25:35

Health: -3/61      AC:  7    Str: 12    XL:     8   Next: 19%
Magic:  0/17       EV: 13    Int: 16    God:    Fedhas [......]
Gold:   363        SH:  0    Dex: 12    Spells: 11/19 levels left

rFire   x . .      SeeInvis .   i - +3 club (spect)
rCold   + . .      Faith    .   (no shield)
rNeg    + + +      Spirit   .   a - +0 robe
rPois   ∞          Reflect  .   p - +0 helmet
rElec   .          Harm     .   m - +2 cloak
rCorr   .          Rampage  .   (no gloves)
Will    +....                   n - +0 pair of boots
Stlth   ++........              (no amulet)
HPRegen 0.20/turn               (no ring)
MPRegen 0.15/turn               (no ring)

@: no status effects
A: cold resistance 1, negative energy resistance 3, torment resistance 2, heat
vulnerability 1, in touch with death 1, no potions
a: Renounce Religion


You were on level 6 of the Dungeon.
You worshipped Fedhas.
Fedhas was noncommittal.
You visited 2 branches of the dungeon, and saw 7 of its levels.

You collected 363 gold pieces.

Inventory:

Hand Weapons
 d - a +0 hunting sling of flaming
 i - a +3 spectral club (weapon)
Armour
 a - a +0 robe (worn)
 m - a +2 cloak (worn)
 n - a +0 pair of boots (worn)
 p - a +0 helmet (worn)
Wands
 g - a wand of paralysis (6)
 q - a wand of polymorph (7)
Scrolls
 b - 4 scrolls of vulnerability
 c - a scroll of fog
 e - a scroll of poison
 f - a scroll of amnesia
 j - a scroll of fear
 l - 4 scrolls of teleportation
 o - 2 scrolls of summoning {unknown}


   Skills:
 + Level 4.5 Fighting
 + Level 4.2 Dodging
 - Level 1.5 Stealth
 + Level 6.2 Spellcasting
 + Level 6.2 Necromancy
 + Level 1.5 Invocations


You had 11 spell levels left.
You knew the following spells:

 Your Spells              Type           Power      Damage    Failure   Level
a - Pain                  Necr           100%       1d9       1%          1
b - Vampiric Draining     Necr           37%        2d8       3%          3
c - Animate Dead          Necr           18%        N/A       11%         4

Your spell library contained the following spells:

 Spells                   Type           Power      Damage    Failure   Level
 Animate Skeleton         Necr           74%        N/A       1%          1
 Sandblast                Erth           10%        2d5       14%         1
 Slow                     Hex            20%        N/A       14%         1
 Passwall                 Tmut/Erth      4%         N/A       21%         2
 Static Discharge         Conj/Air       5%         N/A       21%         2
 Agony                    Necr           37%        N/A       28%         5
 Confusing Touch          Hex            5%         N/A       38%         3
 Stone Arrow              Conj/Erth      10%        3d7       38%         3
 Lightning Bolt           Conj/Air       2%         1d14      98%         5
 Maxwell's Capacitive Co  Air            2%         ∞         100%        8


Dungeon Overview and Level Annotations

Branches:
Dungeon (6/15)             Temple (1/1) D:5

Altars:
Dithmenos
Elyvilon
Fedhas
Gozag
Hepliaklqana
Makhleb
Nemelex Xobeh
Okawaru
Qazlal
Ru
Trog
Uskayaw
Vehumet
Wu Jian
Zin
The Shining One

Portals:
Sewer: D:6

Annotations:
D:2 1 runed translucent door, Crazy Yiuf


Innate Abilities, Weirdness & Mutations

You are immune to poison.
Your flesh is cold resistant. (rC+)
You are immune to negative energy. (rN+++)
You are immune to unholy pain and torment.
You are vulnerable to heat. (rF-)
You are in touch with the powers of death.
You do not drink.


Message History

The gnoll attacks as you move away! The gnoll closely misses you.
Really walk into that teleport trap?
The gnoll attacks as you move away! The gnoll hits you with a +0 club.
* * * LOW HITPOINT WARNING * * *
You enter a teleport trap!
The teleport trap disappears.
Your surroundings suddenly seem different.
A steam dragon comes into view.
Found 6 gold pieces.
The steam dragon hisses angrily.
You start resting.
A steam dragon is nearby!
Casting: Vampiric Draining (dangerous; 3% risk of failure)
Confirm with . or Enter, or press ? or * to list all spells.
Aiming: Vampiric Draining (dangerous; 3% risk of failure)
Press: ? - help, Shift-Dir - straight line, f - steam dragon
Aim: a steam dragon You feel a surge of power!
You draw life force from the steam dragon!
You feel life coursing into your body. The steam dragon closely misses you.
The steam dragon claws you but does no damage.
Unknown command.
Casting: Vampiric Draining (dangerous; 3% risk of failure)
Confirm with . or Enter, or press ? or * to list all spells.
Aiming: Pain (safe; 1% risk of failure)
Press: ? - help, Shift-Dir - straight line, f/p - steam dragon
Aim: a steam dragon (moderately wounded, chance to affect: 83%)
You feel a surge of power!
The steam dragon writhes in agony.
The steam dragon bites you.
* * * LOW HITPOINT WARNING * * *
The steam dragon claws you but does no damage.
Casting: Pain (safe; 1% risk of failure)
Confirm with . or Enter, or press ? or * to list all spells.
Aiming: Pain (safe; 1% risk of failure)
Press: ? - help, Shift-Dir - straight line, f/p - steam dragon
Aim: a steam dragon (heavily wounded, chance to affect: 83%)
You feel a surge of power!
The steam dragon writhes in agony!
The steam dragon breathes steam at you. The ball of steam hits you!
The steam scalds you terribly!
You die...
Fedhas appreciates your contribution to the ecosystem.

#. #.#.
#.#.# ##
#.#.# #.#
#.#.# #.#
#.#.#
#.#.#.#
#####+#D#.#
#......#@#
#......###
#.....D#
#......#
#......#
#$.....#
#......#
#......#


You could see a steam dragon (catching breath).

Vanquished Creatures
  A water moccasin (D:6)
  An ice beast (D:5)
  A black bear (D:6)
  Blork the orc (D:4)
  3 necrophages
  A bullfrog (D:6)
  A scorpion (D:3)
  2 hounds
  3 iguanas
  Jessica (D:2)
  Natasha (thrice) (D:3)
  Robin (D:4)
  9 adders
  4 gnolls (D:2)
  A shadow imp (D:5)
  A white imp (D:5)
  3 ufetubi (D:5)
  5 worms
  2 dart slugs (D:1)
  6 orcs
  10 ball pythons
  5 bats
  7 endoplasms
  A giant cockroach (D:1)
  13 hobgoblins
  7 quokkas
  4 frilled lizards
  13 goblins
  17 kobolds
  12 rats
139 creatures vanquished.

Notes
Turn   | Place    | Note
-------+----------+-------------------------------------------
     0 | D:1      | siradein the Mummy Necromancer began the quest for the Orb.
     0 | D:1      | Reached XP level 1. HP: 13/13 MP: 4/4
   410 | D:1      | Reached XP level 2. HP: 20/20 MP: 3/5
   799 | D:1      | Reached skill level 1 in Fighting
  1261 | D:1      | Gained mutation: You are in touch with the powers of death.
                  | [Mummy growth]
  1261 | D:1      | Reached XP level 3. HP: 26/26 MP: 3/7
  2392 | D:2      | Learned a level 3 spell: Vampiric Draining
  2445 | D:2      | Noticed Jessica
  2452 | D:2      | Killed Jessica
  2453 | D:2      | Reached XP level 4. HP: 29/33 MP: 4/9
  2578 | D:2      | Found a runed translucent door.
  2579 | D:2      | Noticed Crazy Yiuf
  3404 | D:2      | Reached XP level 5. HP: 38/38 MP: 4/10
  4115 | D:3      | Learned a level 4 spell: Animate Dead
  4758 | D:4      | Noticed Natasha
  4764 | D:3      | Killed Natasha
  4921 | D:3      | Noticed Natasha
  5003 | D:3      | Killed Natasha
  5004 | D:3      | Reached skill level 5 in Necromancy
  5004 | D:3      | Reached XP level 6. HP: 36/46 MP: 4/12
  5081 | D:3      | Noticed Natasha
  5095 | D:3      | Killed Natasha
  5874 | D:4      | Noticed Blork the orc
  5887 | D:4      | Killed Blork the orc
  5916 | D:4      | Reached skill level 5 in Spellcasting
  6119 | D:4      | Reached XP level 7. HP: 44/52 MP: 14/14
  6217 | D:4      | Noticed Robin
  6231 | D:4      | Killed Robin
  6620 | D:4      | Found an iron altar of Okawaru.
  6676 | D:5      | Entered Level 5 of the Dungeon
  6841 | D:5      | Found a sparkling altar of Nemelex Xobeh.
  7524 | D:5      | Found a staircase to the Ecumenical Temple.
  7531 | Temple   | Entered the Ecumenical Temple
  7923 | Temple   | Became a worshipper of Fedhas Madash
  8348 | D:6      | Found a glowing drain.
  8365 | D:6      | Reached skill level 1 in Invocations
  8365 | D:6      | Reached XP level 8. HP: 42/61 MP: 2/17
  8421 | D:6      | HP: 3/61 [gnoll/+0 club[a gnoll shaman] (3)]
  8430 | D:6      | Killed from afar by a steam dragon

Illustrated notes

Levels and vault maps discovered:
D:1:      nzn_arrival_water_spiral, layout_basic, roderic_serpentine_path,
          st_stairs_10
D:2:      layout_loops_ring, grunt_ministairs_12, grunt_decor_resistance,
          uniq_jessica, uniq_crazy_yiuf_cottage
D:3:      layout_loops_ring, mainiacjoe_overflow_24_doors
D:4:      layout_rooms, mainiacjoe_overflow_brackets, nrook_mini_backslash,
          uniq_robin, uniq_blork_the_orc, uniq_natasha
D:5:      layout_loops_ring, tso_altar, nemelex_xobeh_ov_fountains_minmay,
          minmay_temple_entry_purple_smoke, due_unseen_surprise
D:6:      layout_basic, portal_sewer_entry_a, uniq_duvessa
Temple:   minmay_temple_forest_path

Skill      XL: |  1  2  3  4  5  6  7 |
---------------+----------------------+-----
Spellcasting   | 3 4 5 6 |  6.2
Fighting       | 1 2 3 4 |  4.5
Dodging        | 2 3 4 |  4.2
Necromancy     | 5 6 |  6.2
Invocations    | 1 |  1.5
Stealth        | |  1.5

Action                   |  1- 3 |  4- 6 |  7- 9 || total
-------------------------+-------+-------+-------++-------
Melee: Unarmed           |     5 |       |       ||     5
       Punch             |     1 |       |     1 ||     2
       Club              |       |    13 |    48 ||    61
 Cast: Pain              |    74 |   131 |    88 ||   293
       Vampiric Draining |       |     1 |     2 ||     3
  Use: Scroll            |       |     6 |     5 ||    11
Armor: Robe              |     1 |     9 |    50 ||    60
Dodge: Dodged            |    12 |    31 |   106 ||   149

Table legend: (Time is in decaauts)
 A = Elapsed time spent in this place.
 B = Non-inter-level travel time spent in this place.
 C = Inter-level travel time spent in this place.
 D = Time resting spent in this place.
 E = Time spent auto-exploring this place.
 F = Levels seen in this place.
 G = Mean time per level.
                   A        B        C        D        E       F      G
               +--------+--------+--------+--------+--------+-----+--------+
         Total |   8474 |   8046 |    428 |    161 |   6851 |   7 | 1210.6 |
       Dungeon |   8055 |   7677 |    378 |    161 |   6495 |   6 | 1342.5 |
        Temple |    418 |    368 |     50 |      0 |    356 |   1 |  418.0 |
               +--------+--------+--------+--------+--------+-----+--------+

Top non-repeatable levels by time:
     D:1: 2298 daAuts
     D:3: 2043 daAuts
     D:2: 1556 daAuts
     D:5: 1198 daAuts
     D:4: 809 daAuts
  Temple: 418 daAuts
     D:6: 149 daAuts
